 Dungeon Crawl Stone Soup version 0.17-a0-1882-g750edc8 (webtiles) character file.

46 GrandHerb the Poker (level 3, 0/22 HPs)
             Began as a Tengu Gladiator on Sept 22, 2015.
             Slain by a hobgoblin
             ... wielding a cursed +0 club
              (4 damage)
             ... on level 2 of the Dungeon.
             The game lasted 00:13:00 (1726 turns).

GrandHerb the Poker (Tengu Gladiator)               Turns: 1726, Time: 00:13:00

Health: 0/22       AC:  6    Str: 18    XL:     3   Next: 68%
Magic:  4/4        EV: 12    Int:  8    God:
Gold:   129        SH:  0    Dex: 15    Spells: 0 memorised, 2 levels left

rFire  + . .     SeeInvis .     a - +0 trident
rCold  x . .     Clarity  .     l - +0 ring mail
rNeg   . . .     SustAt   .     (no shield)
rPois  .         Gourm    .     c - +0 hat
rElec  .         Spirit   .     h - +0 cloak
rCorr  .         Warding  .     (no gloves)
rMut   .         Stasis   .     (boots unavailable)
MR     .....                    (no amulet)
Stlth  +.........               q - +3 ring of strength
                                m - ring of fire

@: not resistant to hostile enchantments, very unstealthy
A: beak, talons 3
a: no special abilities


You were on level 2 of the Dungeon.
You were hungry.

You visited 1 branch of the dungeon, and saw 2 of its levels.

You collected 129 gold pieces.

Inventory:

Hand weapons
 a - a +0 trident (weapon)
Missiles
 d - 3 throwing nets (quivered)
Armour
 c - a +0 hat (worn)
 h - a +0 cloak (worn)
 l - a +0 ring mail (worn)
Jewellery
 m - a ring of fire (left hand)
 q - a +3 ring of strength (right hand)
Scrolls
 f - a scroll of teleportation {unknown}
 g - 2 scrolls of immolation {unknown}
 i - 2 scrolls of random uselessness {unknown}
 k - a scroll of remove curse {unknown}
 n - 2 scrolls of identify {unknown}
 o - a scroll of recharging {unknown}
Potions
 b - a potion of lignification {unknown}
 j - a potion of curing {unknown}
 p - a potion of resistance {unknown}
Comestibles
 e - 2 bread rations
 r - a meat ration
 s - 2 chunks of flesh


   Skills:
 + Level 2.4 Fighting
 + Level 3.6 Polearms
 + Level 2.6 Throwing
 + Level 1.6 Armour
 + Level 3.5 Dodging


You had 2 spell levels left.
You didn't know any spells.

Dungeon Overview and Level Annotations

Branches:
Dungeon (2/15)

Altars:


Innate Abilities, Weirdness & Mutations

You have a beak for a mouth.
You have claws for feet.


Message History

The bat barely misses you. The gnoll misses you. The bat barely misses you.
The bat hits you but does no damage. The gnoll barely misses you.
The bat hits you but does no damage. The gnoll closely misses you.
The gnoll hits you.
* * * LOW HITPOINT WARNING * * *
The bat hits you but does no damage. The bat hits you but does no damage.
The bat closely misses you. The bat barely misses you.
The bat barely misses you. The bat hits you.
* * * LOW HITPOINT WARNING * * *
The bat hits you but does no damage. The bat hits you but does no damage.
The bat is sucked into a shaft!
The shaft crumbles and collapses.
A hobgoblin comes into view. It is wielding a club.
Found 9 gold pieces.
The hobgoblin hits you but does no damage.
The hobgoblin hits you with a club.
You die...

#####.## #......#g.# ...
#...#.....#......#.## ....
...(......#..$...#g# .....
#.#.#.......#..g...# #.....
#...#.........!g##.# #...$.
......#....##.#.##.# ##....
(##.#.#.......#.##.# .####......#
#g####### ## ....#.....<#
#.@.....##### ###.
#.#.##.....##########.....####...
..#.##...#......# ##.......##...
.....#...#......# #........##...
......#'##......# #.............
#....#..........####.............
###.......<.....##..............#
#.##..........##.#..#..#.......
###.##......................###.#


You could see 2 gnolls and a hobgoblin.

Vanquished Creatures
  An adder (D:2)
  A worm (D:2)
  2 giant geckos (D:2)
  4 goblins
  4 hobgoblins
  6 bats
  4 giant cockroaches
  2 giant newts (D:1)
  4 kobolds
  5 rats
33 creatures vanquished.

Notes
Turn   | Place    | Note
--------------------------------------------------------------
     0 | D:1      | GrandHerb the Tengu Gladiator began the quest for the Orb.
     0 | D:1      | Reached XP level 1. HP: 12/12 MP: 2/2
   257 | D:1      | Reached skill level 1 in Armour
   407 | D:1      | Reached XP level 2. HP: 17/17 MP: 3/3
  1328 | D:2      | Reached XP level 3. HP: 21/21 MP: 4/4
  1726 | D:2      | Slain by a hobgoblin

Vault maps used:
D:1:      dpeg_arrival_shrine
D:2:      kennysheep_six_static_rooms, minmay_cut_off

Action                   || total
-------------------------++-------
Melee: Trident           ||    95
  Eat: Chunk             ||     2
